 Dungeon Crawl Stone Soup version 0.31-a0-435-g2c6fae2916 (webtiles) character file.

Game seed: 721167631015318517

275149 Pooter the Severer (level 19, -13/177 HPs)
             Began as a Minotaur Monk on July 30, 2023.
             Was an Elder of Okawaru.
             Killed from afar by a hell hog (20 damage)
             ... with a fireball
             ... on level 4 of the Abyss on Aug 2, 2023.
             The game lasted 04:37:53 (57321 turns).

Pooter the Severer (Minotaur Monk)                 Turns: 57321, Time: 04:37:53

Health: -13/177    AC: 44    Str: 28    XL:     19   Next: 55%
Magic:  26/26      EV: 21    Int: 10    God:    Okawaru [****..]
Gold:   1713       SH:  5    Dex: 15    Spells: 11/18 levels left

rFire   . . .        a - +7 battleaxe (protect)
rCold   . . .        (shield currently unavailable)
rNeg    . . .        k - +13 plate armour of Restlessness {Stlth+}
rPois   .            m - +0 hat {Int+3}
rElec   +            Y - +2 cloak {rCorr}
rCorr   +            (no gloves)
SInv    .            P - +0 pair of boots {rampage}
Will    +....        c - amulet of reflection Stlth
                     e - +6 ring of strength
HPRegen 0.49/turn    l - ring of the Hare {EV+10}
MPRegen 0.20/turn

%: reflection, rampage
@: under a protective aura, studying Shields
A: horns 2, retaliatory headbutt, iridescent scales 1, electricity resistance
}: 2/15 runes: barnacled, gossamer
a: Renounce Religion, Heroism, Finesse


You were on level 4 of the Abyss.
You worshipped Okawaru.
Okawaru was greatly pleased with you.
You visited 7 branches of the dungeon, and saw 33 of its levels.
You visited the Abyss 3 times.
You also visited: Bailey, Gauntlet and Volcano.

You collected 3719 gold pieces.
You spent 2006 gold pieces at shops.

Inventory:

Hand Weapons
 a - a +7 battleaxe of protection (weapon)
   (You took it off a wight on level 6 of the Dungeon)
 b - the +6 triple crossbow "Ziat" {flame, rCorr}
   (Okawaru gifted it to you on level 5 of the Lair of Beasts)

   rCorr:     It protects you from acid and corrosion.
 d - a +1 battleaxe of flaming
   (You found it on level 2 of the Spider Nest)
 v - the +8 sling of the Fray {elec, SInv}
   (You bought it in a shop on level 5 of the Dungeon)

   SInv:      It lets you see invisible.
 L - the +8 storm bow {elec, penet}
   (You acquired it on level 11 of the Dungeon)
Missiles
 w - 14 curare-tipped darts
 B - 6 datura-tipped darts
 E - 10 silver javelins
 T - 29 javelins
 V - 48 boomerangs (quivered)
Armour
 k - the +13 plate armour of Restlessness (worn) {Stlth+}
   (You found it on level 1 of the Shoals)

   Stlth:     It makes you more stealthy.
 m - a +0 hat of intelligence (worn)
   (You found it on level 4 of the Spider Nest)
 p - a +5 crystal plate armour
   (You found it in a bailey)
 P - a +0 pair of boots of rampaging (worn)
   (You found it in a volcano)
 R - the +4 scale mail of Konn {rPois rF+ rC- Stlth+}
   (You found it on level 14 of the Dungeon)

   rF:        It protects you from fire.
   rC:        It makes you vulnerable to cold.
   rPois:     It protects you from poison.
   Stlth:     It makes you more stealthy.
 Y - a +2 cloak of preservation (worn)
   (You found it on level 4 of the Spider Nest)
Jewellery
 c - an amulet of reflection (around neck)
   (You took it off a kobold on level 2 of the Dungeon)
 e - a +6 ring of strength (left hand)
   (You bought it in a shop on level 2 of the Orcish Mines)
 h - a +6 ring of intelligence
   (You found it on level 1 of the Dungeon)
 l - the ring of the Hare (right hand) {EV+10}
   (You found it on level 6 of the Dungeon)

   [ring of evasion]

   EV:        It affects your evasion (+10).
 q - a ring of willpower
   (You bought it in a shop on level 2 of the Orcish Mines)
 C - a ring of resist corrosion
   (You took it off a gnoll on level 5 of the Dungeon)
 F - a ring of protection from fire
   (You found it on level 13 of the Dungeon)
 G - an amulet of guardian spirit
   (You found it on level 5 of the Lair of Beasts)
Wands
 f - a wand of flame (66)
   (You found it on level 4 of the Dungeon)
 g - a wand of light (15)
   (You found it on level 15 of the Dungeon)
 s - a wand of polymorph (23)
   (You found it on level 7 of the Dungeon)
 u - a wand of paralysis (22)
   (You found it in a Gauntlet)
 y - a wand of roots (38)
   (You found it on level 4 of the Dungeon)
 N - a wand of mindburst (7)
   (You found it on level 3 of the Lair of Beasts)
Scrolls
 i - 3 scrolls of revelation
 j - 8 scrolls of immolation {!r}
 r - 7 scrolls of blinking
 t - 7 scrolls of teleportation {@r4}
 x - 5 scrolls of poison {!r}
 D - 6 scrolls of fog
 Z - 4 scrolls of fear
Potions
 n - 3 potions of enlightenment
 o - 2 potions of haste {@q3}
 z - 9 potions of curing {@q1}
 A - 6 potions of lignification {!q}
 H - 3 potions of berserk rage
 J - 6 potions of mutation {!q}
 K - 3 potions of attraction {!q}
 M - 4 potions of magic
 S - a potion of might
 U - 4 potions of resistance
 W - a potion of heal wounds {@q2}
 X - 4 potions of cancellation
Miscellaneous
 Q - a tin of tremorstones (inert)
   (You found it on level 14 of the Dungeon)


   Skills:
 + Level 17.6 Fighting
 - Level 20.0 Axes
 * Level 19.1 Ranged Weapons
 + Level 15.6 Armour
 + Level 7.7 Dodging
 + Level 5.4 Stealth
 + Level 7.1 Translocations
 + Level 11.6 Invocations
 - Level 9.3 Evocations


You had 11 spell levels left.
You knew the following spells:

 Your Spells              Type           Power      Damage    Failure   Level
a - Manifold Assault      Tloc           14%        N/A       75%         4
b - Blink                 Tloc           28%        N/A       17%         2
c - Apportation           Tloc           28%        N/A       12%         1

Your spell library contained the following spells:

 Spells                   Type           Power      Damage    Failure   Level
 Gell's Gravitas          Tloc           14%        N/A       34%         3
 Passage of Golubria      Tloc           14%        N/A       75%         4
 Portal Projectile        Hex/Tloc       14%        N/A       83%         3
 Foxfire                  Conj/Fire      0%         2x1d4     91%         1
 Magic Dart               Conj           0%         1d3       91%         1
 Necrotise                Necr           0%         1d4       91%         1
 Sting                    Tmut/Pois      0%         1d3       91%         1
 Ensorcelled Hibernation  Hex/Ice        0%         N/A       97%         2
 Poisonous Vapours        Pois/Air       0%         N/A       97%         2
 Scorch                   Fire           0%         2d5       97%         2
 Searing Ray              Conj           0%         2d4       97%         2
 Sublimation of Blood     Necr           0%         N/A       97%         2
 Wereblood                Tmut           0%         N/A       97%         2
 Frozen Ramparts          Ice            0%         1d1       100%        3
 Hailstorm                Conj/Ice       0%         3d3       100%        3
 Ozocubu's Armour         Ice            0%         N/A       100%        3
 Stone Arrow              Conj/Erth      0%         3d7       100%        3
 Anguish                  Hex/Necr       0%         N/A       100%        4
 Flame Wave               Conj/Fire      0%         2d4       100%        4
 Fulminant Prism          Conj/Hex       0%         3d5       100%        4
 Leda's Liquefaction      Hex/Erth       0%         N/A       100%        4
 Olgreb's Toxic Radiance  Pois           0%         N/A       100%        4
 Petrify                  Tmut/Erth      0%         N/A       100%        4
 Alistair's Intoxication  Tmut/Pois      0%         N/A       100%        5
 Borgnjor's Vile Clutch   Necr/Erth      0%         N/A       100%        5
 Fireball                 Conj/Fire      0%         3d3       100%        5
 Iskenderun's Battlesphe  Conj           0%         2d6       100%        5
 Lee's Rapid Deconstruct  Erth           0%         3d4*      100%        5
 Metabolic Englaciation   Hex/Ice        0%         N/A       100%        5
 Yara's Violent Unravell  Hex/Tmut       0%         3d3       100%        5
 Conjure Ball Lightning   Conj/Air       0%         3x3d6     100%        6
 Eringya's Noxious Bog    Tmut/Pois      0%         4d6       100%        6
 Plasma Beam              Fire/Air       0%         2x1d10    100%        6
 Starburst                Conj/Fire      0%         6d3       100%        6
 Orb of Destruction       Conj           0%         9d5       100%        7
 Lehudib's Crystal Spear  Conj/Erth      0%         10d2      100%        8
 Summon Small Mammal      Summ           Unusable   N/A       N/A         1
 Call Canine Familiar     Summ           Unusable   N/A       N/A         3
 Tukima's Dance           Hex            Unusable   N/A       N/A         3
 Animate Armour           Summ/Erth      Unusable   N/A       N/A         4
 Summon Ice Beast         Ice/Summ       Unusable   N/A       N/A         4
 Summon Lightning Spire   Summ/Air       Unusable   N/A       N/A         4
 Simulacrum               Ice/Necr       Unusable   N/A       N/A         6
 Summon Cactus Giant      Summ           Unusable   N/A       N/A         6
 Summon Hydra             Summ           Unusable   N/A       N/A         7

Dungeon Overview and Level Annotations

Branches:
Dungeon (15/15) Zot: 23467  Temple (1/1) D:5 Zot: 5931    Lair (5/5) D:9 Zot: 19825
 Shoals (4/4) Lair:2 Zot: 16955  Spider (4/4) Lair:3 Zot: 15027   Slime (0/5) Lair:4
    Orc (2/2) D:10 Zot: 7562     Elf (2/3) Orc:2 Zot: 9217  Vaults (0/5) D:14
 Depths (0/4) D:15         Bailey (visited)         Volcano (visited)
Gauntlet (visited)

Altars:
Ashenzari
Cheibriados
Dithmenos
Elyvilon
Fedhas
Gozag
Hepliaklqana
Kikubaaqudgha
Makhleb
Nemelex Xobeh
Okawaru
Qazlal
Ru
Sif Muna
Trog
Uskayaw
Vehumet
Wu Jian
Xom
Yredelemnul
Zin
The Shining One
Jiyva

Shops:
D:5 [[((   D:14 *   D:15 ?   Orc:2 **([   Elf:2 :   Shoals:1 =   Shoals:3 *

Portals:
Trove: D:11 (lose all piety)

Annotations:
D:7 1 runed translucent door, Crazy Yiuf
Elf:2 3 runed translucent doors


Innate Abilities, Weirdness & Mutations

You have a pair of horns on your head.
You reflexively headbutt those who attack you in melee.
You are partially covered in iridescent scales. (AC +2)
You are resistant to electric shocks. (rElec)


Message History

The will-o-the-wisp gestures.
The will-o-the-wisp conjures some foxfire!
You block the large abomination's attack. 2 foxfires come into view.
You slice the large abomination!!
The foxfire hits you but does no damage. x2
The large abomination misses you. You furiously retaliate!
You headbutt the large abomination!
You destroy the large abomination!
Okawaru accepts your kill.
You rampage towards the will-o-the-wisp!
You slash the will-o-the-wisp! You headbutt the will-o-the-wisp!
The will-o-the-wisp gestures.
The will-o-the-wisp conjures some foxfire! 2 foxfires come into view.
You slice the will-o-the-wisp!!
You destroy the will-o-the-wisp!
Okawaru accepts your kill.
You slash the foxfire! You slice the foxfire!!
You start resting.
A ynoxinul assembles itself!
You rampage towards the ynoxinul!
You catch the helpless ynoxinul completely off-guard!
You slice the ynoxinul!!
Your weapon exudes an aura of protection.
Your headbutt misses the ynoxinul. You slash the ynoxinul!
You kill the ynoxinul!
Okawaru accepts your kill.
You start resting.
A hell hog comes into view.
A hell hog comes into view.
The hell hog breathes fire at you.
The fireball explodes!
The fireball engulfs you but does no damage.
The hell hog squeals angrily.
You hear a roar!
You hear a trumpeting!
You hear a roar! x2
A hell hog comes into view.
The hell hog squeals angrily.
The hell hog breathes fire at you.
The fireball explodes!
The fireball engulfs the hell hog.
The hell hog completely resists.
The fireball engulfs you!!!
* * * LOW HITPOINT WARNING * * *
The hell hog bites you but does no damage.
The hell hog completely misses you.
You hear a roar!
You slice the hell hog!! You headbutt the hell hog!
The hell hog breathes fire at you.
The fireball explodes!
The fireball engulfs you!!
You die...

#....# #..#.#
#....## #.h..# ##
. #..h. #. ####
#2. #... #.....##
##.#####.#.# °
#h@......# # .
#°# #.......†#.#
## . °
#..#.....### °# #
#........#.. #
#............
.###
#........##....#.
. #.#......#
....## .
#...#....# .#.. #
> #........# # .#


You could see 3 hell hogs.

Vanquished Creatures
  Nikola (Spider:2)
  A profane servitor (Arena)
  Arachne (Arena)
  Jorgrun (Shoals:3)
  Asterion (Spider:1)
  Polyphemus (Shoals:2)
  2 krakens
  Kirke (Spider:1)
  A fire giant (D:11)
  Ilsuiw (Shoals:2)
  7 ghost moths
  2 deep elf sorcerers
  2 juggernaut zombies (D:15)
  6 emperor scorpions
  2 deep elf elementalists (Orc:1)
  An angel (Shoals:4)
  A broodmother (Spider:4)
  3 stone giants
  The ghost of petzl the Thaumaturge, a journeyman FoDe of Vehumet (Elf:2)
  An orc warlord (Orc:1)
  A red draconian (Abyss:3)
  2 deep elf demonologists
  A spark wasp (Spider:4)
  A minotaur (Gauntlet)
  A dire elephant (Lair:4)
  Snorg (Lair:5)
  A fire dragon (D:14)
  13 merfolk impalers
  2 green deaths (Abyss:4)
  4 merfolk javelineers (Shoals:4)
  A deep elf high priest (Elf:1)
  2 ettins (D:11)
  7 entropy weavers
  5 hydras
  Erolcha (Arena)
  5 merfolk avatars
  A catoblepas (Shoals:2)
  A radroach (Spider:1)
  4 centaur warriors
  A death knight (D:15)
  9 dancing weapons
  A jorogumo (Spider:2)
  6 merfolk aquamancers
  10 death yaks
  A hell hog (Abyss:3)
  2 boulder beetles
  A satyr (Shoals:2)
  12 two-headed ogres
  2 alligator snapping turtles (Shoals:4)
  2 tengu warriors
  4 thrashing horrors (Abyss:4)
  9 orc high priests
  Urug (Orc:1)
  10 demonic crawlers
  A sun demon (Abyss:4)
  A holy swine (Shoals:4)
  Sonja (Lair:2)
  2 deep elf knights
  A spark wasp zombie (D:15)
  8 pharaoh ants
  A sixfirhy (Abyss:3)
  A sun moth (Spider:3)
  3 skysharks
  A deep troll (Orc:1)
  A spatial maelstrom (Abyss:4)
  8 skeletal warriors
  8 sea snakes
  14 orb spiders
  2 cherubim (Shoals:4)
  2 flayed ghosts
  A sea snake (shapeshifter) (D:11)
  2 phantasmal warriors
  3 deep elf archers (Elf:1)
  7 wizards
  8 orc knights
  12 harpies
  16 deep elf pyromancers
  10 steelbarb worms
  A will-o-the-wisp (Abyss:4)
  A necromancer (D:15)
  15 deep elf zephyrmancers
  16 wolf spiders
  11 cyclopes
  An orc sorcerer (Orc:2)
  27 elephants
  16 ugly things
  5 toenail golems (Volcano)
  A shining eye (Gauntlet)
  7 fauns
  Maurice (Orc:1)
  3 moths of wrath
  13 manticores
  7 merfolk sirens
  5 black mambas
  2 cane toads (shapeshifter) (D:13)
  7 water nymphs
  An eye of devastation (Lair:4)
  8 cane toads
  5 torpor snails
  3 gargoyles
  2 rime drakes (Lair:2)
  2 unseen horrors
  5 kobold demonologists
  5 komodo dragons
  3 freezing wraiths
  5 yaktaurs (D:15)
  2 efreet
  A rime drake (shapeshifter) (D:13)
  11 trolls
  2 tengu conjurers
  A silent spectre (Orc:1)
  12 merfolk
  23 tarantellas
  A wind drake (shapeshifter) (D:14)
  3 raiju
  6 wind drakes
  6 meliai (Spider:4)
  4 blink frogs (Abyss:4)
  10 hornets
  6 polar bears
  A hornet (shapeshifter) (D:14)
  7 snapping turtles
  A dream sheep (shapeshifter) (D:15)
  19 dream sheep
  An ettin zombie (D:15)
  6 slime creatures
  Sigmund (D:2)
  12 flying skulls (Gauntlet)
  25 culicivoras
  23 jumping spiders
  16 spriggans
  5 humans (Spider:1)
  A shadow (D:13)
  4 wraiths
  A golden eye (Gauntlet)
  36 yaks
  5 wyverns
  2 ynoxinuls (Abyss:4)
  4 basilisks
  17 water elementals
  2 fire elementals
  7 vampire mosquitoes
  65 redbacks
  A chaos spawn (Abyss:4)
  5 wargs
  5 steam dragons
  2 spatial vortices (Abyss:4)
  2 large abominations (Abyss:4)
  2 hell hounds (Lair:1)
  15 water moccasins
  4 acid dragons
  A floating eye (Lair:4)
  3 ice beasts
  2 sky beasts (D:7)
  9 black bears
  51 orc warriors
  3 boggarts (Lair:5)
  28 wolves
  4 centaurs
  3 ogres
  11 kobold brigands
  3 phantoms
  16 bullfrogs
  3 gnoll sergeants
  A wyvern zombie (D:6)
  5 scorpions
  A water moccasin zombie (D:6)
  4 wights
  9 killer bees
  6 electric eels
  7 howler monkeys
  2 centaur zombies (D:6)
  2 bullfrog zombies (D:6)
  A quasit (Abyss:4)
  33 orc priests
  3 jellies
  A hound (D:5)
  2 sleepcaps
  5 starcursed masses (Abyss:3)
  An iguana (D:7)
  Terence (D:2)
  4 gnoll boudas
  23 orc wizards
  22 hell rats
  A lightning spire (Gauntlet)
  A killer bee zombie (D:6)
  26 gnolls
  8 adders
  3 shadow imps
  A white imp (Abyss:4)
  An ufetubus (D:5)
  4 worms
  4 dart slugs
  114 orcs
  4 endoplasms
  3 giant cockroaches
  4 goblins
  6 hobgoblins
  4 jackals (D:5)
  3 quokkas
  5 ball pythons
  5 bats
  22 kobolds
  3 rats
  A spectral weapon (Spider:1)
  3 tentacles (Shoals:2)
1335 creatures vanquished.

Vanquished Creatures (others)
  A wolf spider (Spider:4)
  A deep elf zephyrmancer (Elf:1)
  A wind drake (Shoals:4)
  A jumping spider (Spider:2)
  2 orcs (Elf:2)
  A kobold (D:8)
  4 foxfires (Abyss:4)
  12 tentacles
23 creatures vanquished.

Grand Total: 1358 creatures vanquished

Notes
Turn   | Place    | Note
-------+----------+-------------------------------------------
     0 | D:1      | Pooter the Minotaur Monk began the quest for the Orb.
     0 | D:1      | Reached XP level 1. HP: 19/19 MP: 0/0
   155 | D:1      | Reached skill level 4 in Axes
   159 | D:1      | Reached XP level 2. HP: 25/27 MP: 1/1
   166 | D:1      | Found a faded altar of an unknown god.
   487 | D:1      | Learned a level 1 spell: Apportation
   866 | D:2      | Noticed Terence
   880 | D:2      | Killed Terence
   881 | D:2      | Reached XP level 3. HP: 10/33 MP: 2/2
  1126 | D:2      | Reached skill level 5 in Axes
  1459 | D:2      | Reached XP level 4. HP: 41/41 MP: 3/3
  1599 | D:2      | Noticed Sigmund
  1610 | D:2      | Killed Sigmund
  1611 | D:2      | Reached skill level 1 in Translocations
  1611 | D:2      | Reached XP level 5. HP: 33/47 MP: 4/4
  1822 | D:3      | Found a shimmering blue altar of Sif Muna.
  1907 | D:3      | Reached skill level 6 in Axes
  2495 | D:4      | Reached skill level 5 in Fighting
  2495 | D:4      | Reached XP level 6. HP: 56/56 MP: 5/5
  2786 | D:4      | Reached XP level 7. HP: 51/61 MP: 6/6
  2871 | D:4      | Reached skill level 7 in Axes
  3772 | D:5      | Entered Level 5 of the Dungeon
  3825 | D:5      | Found a staircase to the Ecumenical Temple.
  3842 | Temple   | Entered the Ecumenical Temple
  3876 | Temple   | Became a worshipper of Warmaster Okawaru
  3876 | Temple   | Reached * piety under Okawaru
  3876 | Temple   | Reached ** piety under Okawaru
  3921 | D:5      | Found Zajuusk's Antique Weapon Boutique.
  3930 | D:5      | Bought an ichor-stained sling for 182 gold pieces
  3930 | D:5      | Identified the +8 sling of the Fray {elec, SInv} (You
                  | bought it in a shop on level 5 of the Dungeon)
  4545 | D:5      | Found Fuah's Antique Armour Boutique.
  4581 | D:5      | Reached skill level 5 in Ranged Weapons
  4581 | D:5      | Reached XP level 8. HP: 70/70 MP: 7/7
  4645 | D:5      | Found Xoafemn's Antique Weapon Emporium.
  4698 | D:5      | Found Ykumorol's Antique Armour Shoppe.
  4799 | D:5      | Found a sacrificial altar of Ru.
  4987 | D:6      | Found the ring of the Hare {EV+10}
  5015 | D:6      | Reached skill level 8 in Axes
  5032 | D:6      | Found an opulent altar of Gozag.
  5096 | D:6      | Found a basalt altar of Yredelemnul.
  5140 | D:6      | Reached *** piety under Okawaru
  5671 | D:7      | Reached skill level 9 in Axes
  5792 | D:7      | Reached XP level 9. HP: 73/78 MP: 8/8
  6175 | D:7      | Found a snail-covered altar of Cheibriados.
  6397 | D:7      | Found a glowing silver altar of Zin.
  6397 | D:7      | Noticed an angel
  6456 | D:7      | Found a runed translucent door.
  6457 | D:7      | Noticed Crazy Yiuf
  6719 | D:8      | Reached skill level 10 in Axes
  6825 | D:8      | Noticed a two-headed ogre
  6839 | D:8      | Killed a two-headed ogre
  6839 | D:8      | Reached **** piety under Okawaru
  6932 | D:8      | Reached skill level 11 in Axes
  6932 | D:8      | Reached XP level 10. HP: 51/88 MP: 9/9
  6979 | D:8      | Found a shadowy altar of Dithmenos.
  6993 | D:8      | Found a flagged portal.
  7005 | Bailey   | Entered a bailey
  9323 | Bailey   | Identified the +7 falchion "Fubbowej" {venom, rPois rN+
                  | Str+2}
  9430 | D:5      | Bought a pair of glowing boots for 240 gold pieces
  9560 | D:8      | Found a sparkling altar of Nemelex Xobeh.
  9928 | D:9      | Reached skill level 1 in Invocations
 10019 | D:9      | Reached skill level 1 in Armour
 10314 | D:9      | Found a staircase to the Lair.
 10504 | D:9      | Reached ***** piety under Okawaru
 10876 | D:10     | Entered Level 10 of the Dungeon
 11281 | D:10     | Noticed a two-headed ogre
 11288 | D:10     | Killed a two-headed ogre
 11289 | D:10     | Reached skill level 12 in Axes
 11538 | D:10     | Found a staircase to the Orcish Mines.
 12134 | Lair:1   | Entered Level 1 of the Lair of Beasts
 12165 | Lair:1   | Reached XP level 11. HP: 97/97 MP: 13/13
 12302 | Lair:1   | Noticed a death yak
 12302 | Lair:1   | Noticed a death yak
 12303 | Lair:1   | Noticed a death yak
 12318 | Lair:1   | Killed a death yak
 12324 | Lair:1   | Killed a death yak
 12325 | Lair:1   | Reached skill level 10 in Ranged Weapons
 12329 | Lair:1   | Killed a death yak
 12330 | Lair:1   | Reached skill level 5 in Invocations
 12362 | Lair:1   | Reached skill level 13 in Axes
 12446 | Lair:1   | Found a dark tunnel.
 12452 | Volcano  | Entered a volcano
 12464 | Volcano  | Noticed a wizard
 12465 | Arena    | Entered the Arena
 12468 | Arena    | Killed a wizard
 12555 | Volcano  | Noticed a wizard
 12563 | Volcano  | Killed a wizard
 12564 | Volcano  | Reached skill level 5 in Armour
 12617 | Volcano  | Noticed a wizard
 12631 | Volcano  | Killed a wizard
 12632 | Volcano  | Reached skill level 10 in Fighting
 12689 | Volcano  | Noticed a wizard
 12689 | Volcano  | Noticed a wizard
 12696 | Abyss:2  | Cast into level 2 of the Abyss (a wizard)
 12773 | Abyss:3  | Found a corrupted altar of Lugonu.
 12779 | Abyss:3  | Noticed a red draconian
 12789 | Abyss:3  | Killed a red draconian
 12814 | Volcano  | Escaped the Abyss
 12820 | Volcano  | Killed a wizard
 12821 | Volcano  | Killed a wizard
 12822 | Volcano  | Reached XP level 12. HP: 46/106 MP: 12/16
 13346 | Lair:1   | Reached skill level 14 in Axes
 14349 | Lair:2   | Found a gate leading to a gauntlet.
 14374 | Gauntlet | Entered a Gauntlet
 14374 | Gauntlet | Found a transporter.
 14374 | Gauntlet | Found a runed translucent door.
 14375 | Gauntlet | Found a runed translucent door.
 14388 | Gauntlet | Found a transporter.
 14390 | Gauntlet | Found a transporter.
 14397 | Gauntlet | Found a transporter.
 14404 | Gauntlet | Identified the +7 great sword of the Endless Expanse
                  | {freeze, Drain rPois Int+2 Dex+5}
 14407 | Gauntlet | Found a runed translucent gate.
 14407 | Gauntlet | Found a runed translucent gate.
 14407 | Gauntlet | Found a runed translucent gate.
 14409 | Gauntlet | Found a transporter.
 14414 | Gauntlet | Found a transporter.
 14415 | Gauntlet | Found a transporter.
 14428 | Gauntlet | Noticed a tengu warrior
 14434 | Gauntlet | Killed a tengu warrior
 14443 | Gauntlet | Found a transporter.
 14443 | Gauntlet | Found a transporter.
 14443 | Gauntlet | Found a transporter.
 14471 | Gauntlet | Found a runed translucent door.
 14471 | Gauntlet | Found a transporter.
 14472 | Gauntlet | Found a transporter.
 14472 | Gauntlet | Found a transporter.
 14496 | Gauntlet | Identified the ring "Rics" {Fire Will+}
 14537 | Gauntlet | Found a transporter.
 14547 | Gauntlet | Upgraded the game from 0.31-a0-426-g3a05650e59 to
                  | 0.31-a0-431-g88bdf31460
 14549 | Gauntlet | Noticed a minotaur
 14562 | Gauntlet | Killed a minotaur
 14563 | Gauntlet | Reached skill level 15 in Axes
 14953 | Lair:2   | Received a gift from Okawaru
 15024 | Lair:2   | Reached XP level 13. HP: 106/116 MP: 18/18
 15197 | Lair:2   | Noticed Sonja
 15203 | Lair:2   | Killed Sonja
 15479 | Lair:2   | Found a staircase to the Shoals.
 16215 | Lair:3   | Found a hole to the Spider Nest.
 17439 | Lair:4   | Reached skill level 1 in Evocations
 17769 | Lair:4   | Noticed a dire elephant
 17780 | Lair:4   | Killed a dire elephant
 17780 | Lair:4   | Received a gift from Okawaru
 18070 | Lair:4   | Reached skill level 16 in Axes
 18224 | Lair:4   | Identified the +1 ring mail "Aroa" {rN+ Int+3}
 18249 | Lair:4   | Received a gift from Okawaru
 18560 | Lair:4   | Gained mutation: You are strong-willed. (Will+) [potion of
                  | mutation]
 18560 | Lair:4   | Gained mutation: Your muscles are strong. (Str +4, Int/Dex
                  | -1) [potion of mutation]
 18560 | Lair:4   | Gained mutation: You expend magic power (3 MP) to
                  | strengthen your wands. [potion of mutation]
 18561 | Lair:4   | Lost mutation: You expend magic power (3 MP) to strengthen
                  | your wands. [potion of mutation]
 18561 | Lair:4   | Lost mutation: You are strong-willed. (Will+) [potion of
                  | mutation]
 18561 | Lair:4   | Lost mutation: Your muscles are strong. (Str +4, Int/Dex
                  | -1) [potion of mutation]
 18561 | Lair:4   | Gained mutation: You are weak. (Str -2) [potion of
                  | mutation]
 18562 | Lair:4   | Lost mutation: You are weak. (Str -2) [potion of mutation]
 18562 | Lair:4   | Gained mutation: You are dopey. (Int -2) [potion of
                  | mutation]
 18562 | Lair:4   | Gained mutation: A frigid envelope surrounds you and
                  | freezes all who hurt you. [potion of mutation]
 18563 | Lair:4   | Lost mutation: You are dopey. (Int -2) [potion of mutation]
 18563 | Lair:4   | Lost mutation: A frigid envelope surrounds you and freezes
                  | all who hurt you. [potion of mutation]
 18563 | Lair:4   | Gained mutation: You are resistant to electric shocks.
                  | (rElec) [potion of mutation]
 18563 | Lair:4   | Gained mutation: You are partially covered in iridescent
                  | scales. (AC +2) [potion of mutation]
 19648 | Lair:4   | Found a staircase to the Slime Pits.
 19650 | Lair:4   | Found a viscous altar of Jiyva.
 19706 | Lair:4   | Reached XP level 14. HP: 110/126 MP: 20/20
 20541 | Lair:5   | Entered Level 5 of the Lair of Beasts
 20621 | Lair:5   | Identified the +11 quarterstaff of Tumyu {heavy, Will++
                  | Int-3 Dex+3}
 20718 | Lair:5   | Identified the +8 rapier of Tumult {protect, rN+ MP-9 Str+6
                  | Stlth+}
 20819 | Lair:5   | Received a gift from Okawaru
 21116 | Lair:5   | Noticed Snorg
 21123 | Lair:5   | Killed Snorg
 22397 | Lair:5   | Reached skill level 17 in Axes
 22405 | Lair:5   | Reached skill level 10 in Invocations
 22805 | Lair:5   | Identified the +6 triple crossbow "Ziat" {flame, rCorr}
                  | (Okawaru gifted it to you on level 5 of the Lair of Beasts)
 22805 | Lair:5   | Received a gift from Okawaru
 23217 | Orc:1    | Entered Level 1 of the Orcish Mines
 23517 | Orc:1    | Noticed Erolcha
 23518 | Arena    | Entered the Arena
 23524 | Arena    | Killed Erolcha
 23831 | Orc:1    | Noticed an orc warlord
 23853 | Orc:1    | Killed an orc warlord
 23969 | Orc:1    | Noticed Urug
 23975 | Orc:1    | Killed Urug
 24703 | Orc:1    | Found a transporter.
 24858 | Orc:1    | Noticed Maurice
 24869 | Orc:1    | Killed Maurice
 25094 | Orc:2    | Entered Level 2 of the Orcish Mines
 25687 | Orc:2    | Found a staircase to the Elven Halls.
 25956 | Orc:2    | Reached skill level 10 in Armour
 26021 | Orc:2    | Found Baxtobbo's Armour Shop.
 26021 | Orc:2    | Found Gaurieps's Antique Weapon Boutique.
 26021 | Orc:2    | Found Faaqowoa's General Store.
 26021 | Orc:2    | Found Rumodd's General Store.
 26358 | Orc:2    | Reached XP level 15. HP: 93/136 MP: 9/21
 26601 | Orc:2    | Bought a scroll of identify for 26 gold pieces
 26601 | Orc:2    | Bought a scroll of identify for 26 gold pieces
 26605 | Orc:2    | Bought a scroll of identify for 28 gold pieces
 26609 | Orc:2    | Bought a +6 ring of strength for 468 gold pieces
 26609 | Orc:2    | Bought a ring of willpower for 325 gold pieces
 26812 | Orc:1    | Found a transporter.
 26812 | Orc:1    | Found a runed translucent door.
 26812 | Orc:1    | Found a bloodstained altar of Trog.
 26812 | Orc:1    | Found the +8 Wrath of Trog {antimagic, *Rage Rampage}
 26852 | Orc:1    | Identified the +5 plate armour "Xeudecke" {Rampage Dex+4}
 26853 | Orc:1    | Identified the +1 broad axe "Ogreslayer" {flame, +Blink
                  | rPois rF- Int+3}
 27247 | Orc:1    | Reached skill level 18 in Axes
 27247 | Orc:1    | Reached skill level 5 in Evocations
 27629 | D:11     | Reached skill level 15 in Ranged Weapons
 28173 | D:11     | Identified a scroll of acquirement
 28175 | D:11     | Acquired the +8 storm bow {elec, penet}
 28175 | D:11     | Found the +8 storm bow {elec, penet}
 28265 | D:11     | Received a gift from Okawaru
 28288 | Abyss:3  | Cast into level 3 of the Abyss (a wizard)
 28423 | D:11     | Escaped the Abyss
 28731 | D:11     | Got the Parchment of the Singularity and Cold
 29245 | D:11     | Found a portal to a secret trove of treasure.
 29474 | D:11     | Noticed a fire giant
 29476 | Arena    | Entered the Arena
 29509 | D:11     | Killed a fire giant
 30652 | D:12     | You fall into a shaft and drop 2 floors!
 30908 | D:14     | Identified the +4 scale mail of Konn {rPois rF+ rC- Stlth+}
 30917 | D:14     | Found Veze's Assorted Antiques.
 30920 | D:14     | Bought 2 potions of curing for 168 gold pieces
 30920 | D:14     | Bought a potion of curing for 84 gold pieces
 30947 | D:14     | Reached skill level 5 in Translocations
 30983 | D:14     | Found a burning altar of Makhleb.
 31091 | D:14     | Found a gate to the Vaults.
 31100 | D:14     | Reached XP level 16. HP: 86/146 MP: 13/22
 31814 | D:12     | Reached skill level 19 in Axes
 32337 | D:13     | Received a gift from Okawaru
 34792 | D:15     | Entered Level 15 of the Dungeon
 35376 | D:15     | Found a staircase to the Depths.
 35782 | D:15     | Received a gift from Okawaru
 37740 | D:15     | Found Asoac's Magic Scroll Boutique.
 37744 | D:15     | Bought a scroll of teleportation for 54 gold pieces
 37744 | D:15     | Bought a scroll of enchant armour for 135 gold pieces
 37744 | D:15     | Bought a scroll of revelation for 135 gold pieces
 37744 | D:15     | Bought a scroll of enchant weapon for 135 gold pieces
 38008 | D:15     | Upgraded the game from 0.31-a0-431-g88bdf31460 to
                  | 0.31-a0-435-g2c6fae2916
 38288 | Spider:1 | Entered Level 1 of the Spider Nest
 38455 | Spider:1 | Learned a level 2 spell: Blink
 38944 | Spider:1 | Reached skill level 20 in Axes
 39014 | Spider:1 | Reached skill level 15 in Fighting
 39314 | Spider:1 | Noticed Kirke
 39318 | Spider:1 | Killed Kirke
 39746 | Spider:1 | Reached XP level 17. HP: 156/156 MP: 23/23
 40754 | Spider:2 | Noticed Asterion
 41413 | Spider:1 | Killed Asterion
 42902 | Spider:2 | Noticed Nikola
 42924 | Spider:2 | Killed Nikola
 43607 | Spider:2 | You fall into a shaft and drop 1 floor!
 44365 | Spider:3 | Identified the +0 hand crossbow of Ipsiakke {freeze, Dex+5}
 44740 | Spider:4 | Entered Level 4 of the Spider Nest
 44933 | Spider:4 | Noticed Arachne
 44939 | Spider:4 | Reached skill level 1 in Stealth
 45115 | Spider:3 | Received a gift from Okawaru
 45259 | Arena    | Entered the Arena
 45272 | Arena    | Killed Arachne
 46695 | Spider:4 | Reached XP level 18. HP: 168/168 MP: 24/24
 47131 | Spider:4 | Got a gossamer rune of Zot
 47347 | Shoals:1 | Entered Level 1 of the Shoals
 47644 | Shoals:1 | Identified the +13 plate armour of Restlessness {Stlth+}
 47747 | Shoals:1 | Found Duimasugg's Jewellery Shop.
 47767 | Shoals:1 | Identified the +4 battleaxe of Anxiety {venom, rElec rF+++
                  | MP-9 Str-5} (Okawaru gifted it to you on level 1 of the
                  | Shoals)
 47767 | Shoals:1 | Received a gift from Okawaru
 47854 | Shoals:1 | Reached skill level 5 in Dodging
 49064 | Arena    | Entered the Arena
 49117 | Shoals:2 | Noticed Ilsuiw
 49180 | Shoals:2 | Killed Ilsuiw
 49332 | Shoals:2 | Learned a level 4 spell: Manifold Assault
 49919 | Shoals:2 | Noticed Polyphemus
 50160 | Shoals:2 | Killed Polyphemus
 50317 | Shoals:3 | Noticed Jorgrun
 50329 | Shoals:3 | Killed Jorgrun
 50381 | Shoals:3 | Identified the +0 scale mail "Jeumpe Ysta" {rPois rN+}
 51033 | Shoals:3 | Found Bakeigh's Gadget Gallery.
 51150 | Shoals:4 | Entered Level 4 of the Shoals
 51152 | Shoals:4 | Reached skill level 15 in Armour
 51454 | Shoals:4 | Found a glowing silver altar of Zin.
 51522 | Shoals:4 | Identified the +4 chain mail of Dongekig {rC+}
 53415 | Shoals:4 | Found a glowing golden altar of the Shining One.
 53438 | Shoals:4 | Received a gift from Okawaru
 53780 | Shoals:4 | Found a white marble altar of Elyvilon.
 53789 | Shoals:4 | Reached XP level 19. HP: 155/177 MP: 18/26
 53927 | Shoals:4 | Got a barnacled rune of Zot
 54323 | Elf:1    | Entered Level 1 of the Elven Halls
 55827 | Elf:2    | Reached skill level 5 in Stealth
 56078 | Elf:1    | You fall into a shaft and drop 1 floor!
 56078 | Elf:2    | Found Cafycri's Book Boutique.
 56088 | Elf:2    | Found an ancient bone altar of Kikubaaqudgha.
 56178 | Elf:2    | Found a runed translucent door.
 56178 | Elf:2    | Noticed petzl's ghost (journeyman FoDe)
 56192 | Elf:2    | Killed petzl's ghost
 56550 | Elf:2    | Found a runed translucent gate.
 56550 | Elf:2    | Found a runed translucent gate.
 56550 | Elf:2    | Found a runed translucent gate.
 56973 | Elf:1    | Identified the +5 lajatang of Bodily Harmony {antimagic,
                  | rElec Dex+6}
 57007 | Abyss:4  | Cast into level 4 of the Abyss (a deep elf demonologist)
 57016 | Abyss:4  | Found a corrupted altar of Lugonu.
 57018 | Abyss:4  | Found a snail-covered altar of Cheibriados.
 57023 | Abyss:4  | Noticed a profane servitor
 57025 | Arena    | Entered the Arena
 57040 | Arena    | Killed a profane servitor
 57320 | Abyss:4  | HP: 6/177 [hell hog/fireball (40)]
 57321 | Abyss:4  | Killed from afar by a hell hog

Illustrated notes

Levels and vault maps discovered:
D:1:      zelgadis_glass_arrival_small, layout_basic,
          hellmonk_ecumenical_altar_blasted, serial_bayou_ford_a
D:2:      layout_loops_cross, uniq_terence, uniq_sigmund
D:3:      layout_loops_cross, mainiacjoe_overflow_24_doors
D:4:      layout_basic, serial_rivers, chequers_serial_rivers_micro_b,
          chequers_serial_rivers_room_a, chequers_serial_rivers_large_a,
          chequers_serial_rivers_small_a
D:5:      layout_cave_pools, mainiacjoe_overflow_surrounded_room,
          minmay_temple_entry_slanted, serial_shops,
          nicolae_shop_tiny_statue_garden, shop, shop, nicolae_shop_behind_doors
D:6:      layout_cave_pools, nicolae_gozag_seed_capital,
          nicolae_yredelemnul_corpse_copse
D:7:      layout_loops_ring, lemuel_doored_altar, zin_angel, grunt_tough_drop,
          uniq_crazy_yiuf_cottage
D:8:      minmay_skewed_foursquare, layout_basic, amcnicky_altar_gilded,
          grunt_dithmenos_shadows, enter_bailey_2, minivault_24, minivault_1
D:9:      layout_small_grid, dpeg_oklobed_lair, minmay_splitting_lines,
          minmay_hedge_maze
D:10:     layout_loops_corners, david_orc_4
D:11:     layout_loops_ring, enter_trove_1, nicolae_rejected_hall
D:12:     layout_cave_pools
D:13:     nzn_winding_woodlands_small [nzn_winding_woodlands_5x15_jagged,
          nzn_winding_woodlands_center_pierced_h,
          nzn_winding_woodlands_5x15_twine], layout_basic
D:14:     layout_loops_corners, erik_vaults_1, basic_altar, serial_shops,
          nicolae_shop_tiny_real_fake_doors, the_hattery
D:15:     gammafunk_depths_entry_grave, layout_cave_pools, serial_shops, shop,
          nicolae_concentric_dashed_squares_mild
Temple:   compressed_dpeg_circular_temple
Lair:1:   layout_gridlike, enter_volcano_3, grunt_megastairs_3
Lair:2:   layout_long_grid, elwin_shoals_entry_rooms, gauntlet_entry_generic,
          lemuel_old_faithful, grunt_megastairs_1, serial_bayou_shore_b,
          uniq_sonja
Lair:3:   layout_regular_city, nicolae_spider_entry_non_spiders, wad_woods_06
Lair:4:   mu_elephants_graveyard, layout_regular_city, minmay_slime_entry_eyes
Lair:5:   minmay_lair_end_enchanted_forest, layout_layer_cave, minivault_25,
          infiniplex_staircase_pool_2, uniq_snorg
Shoals:1: layout_shoals, serial_shops, shop, nzn_prometheus_bound
Shoals:2: layout_shoals, nicolae_shoals_kraken_intersection, uniq_ilsuiw,
          uniq_polyphemus
Shoals:3: layout_shoals, nicolae_shop_gadgets, uniq_jorgrun
Shoals:4: shoals_end_hellmonk_holy_island
Spider:1: layout_spider_delve, hangedman_spider_tarantella_strand, uniq_kirke
Spider:2: layout_spider_delve, nicolae_orb_island, uniq_nikola, uniq_asterion
Spider:3: layout_spider_delve, drop_trap
Spider:4: spider_rune_water, uniq_arachne
Orc:1:    emtedronai_trogs_sanctum, layout_diamond_mine, uniq_maurice,
          uniq_erolcha, uniq_urug
Orc:2:    st_orc_pillars, layout_caves
Elf:1:    eino_elf_arrival_sip, layout_gridlike, orc_legates
Elf:2:    elven_hall_of_blades_hangedman_original
          [nicolae_blade_entry_floor_patterns], layout_geoelf_grid,
          portal_desolation_entry_nicolae_slug, gammafunk_ghost_grave,
          serial_shops, nicolae_shop_mannequins, basic_altar,
          ebering_dispersal_statue_hall
Abyss:4:  base: D:4, hangedman_abyss_mock_shop, bh_silent_lugonu_exit, base:
          Vaults:2, hangedman_classic_abyss_death, base: D:4,
          patterned_corridor, patterned_corridor, evilmike_abyss_exit_8

Skill      XL: |  1  2  3  4  5  6  7  8  9 10 11 12 13 14 15 16 17 18 19 |
---------------+----------------------------------------------------------+-----
Axes           | 4 5 6 7 9 11 12 13 15 16 17 18 20 | 20.0
Fighting       | 4 5 6 8 9 10 11 12 13 14 15 16 17 | 17.6
Ranged Weapons | 2 3 5 6 8 9 10 11 13 14 15 16 17 18 19 | 19.1
Translocations | 1 2 3 4 5 6 7 |  7.1
Invocations    | 4 6 8 9 10 11 | 11.6
Armour         | 3 5 7 8 10 11 12 14 15 | 15.6
Evocations     | 2 4 6 7 9 |  9.3
Stealth        | 2 4 5 |  5.4
Dodging        | 4 6 7 |  7.7

Action                     |  1- 3 |  4- 6 |  7- 9 | 10-12 | 13-15 | 16-18 | 19-21 || total
---------------------------+-------+-------+-------+-------+-------+-------+-------++-------
  Melee: Hand axe          |    47 |       |       |       |       |       |       ||    47
         Headbutt          |    15 |    10 |    22 |    70 |   158 |   194 |    36 ||   505
         Trident           |    17 |    37 |    83 |       |       |       |       ||   137
         Battleaxe         |       |       |    30 |   361 |   651 |   693 |   152 ||  1887
         Morningstar       |       |       |       |       |     7 |     7 |       ||    14
         Punch             |       |       |       |       |     1 |       |       ||     1
   Fire: Sling             |       |    26 |   181 |   170 |    18 |    84 |       ||   479
         Orcbow            |       |       |       |    23 |   261 |       |       ||   284
         Triple crossbow   |       |       |       |       |   253 |   674 |   146 ||  1073
         Longbow           |       |       |       |       |       |    89 |       ||    89
  Throw: Dart              |       |     1 |       |     3 |       |       |       ||     4
         Boomerang         |       |       |       |       |       |    21 |     4 ||    25
   Cast: Blink             |       |       |       |       |       |     1 |       ||     1
 Invoke: Heroism           |       |       |     5 |    22 |    23 |    32 |     5 ||    87
         Finesse           |       |       |       |     6 |     3 |    10 |     1 ||    20
         Duel              |       |       |       |     1 |     2 |     2 |     1 ||     6
  Evoke: Wand              |       |     1 |       |       |     5 |    13 |     2 ||    21
         Tin of tremorston |       |       |       |       |       |     5 |     2 ||     7
    Use: Scroll            |     1 |       |    11 |     8 |    20 |    14 |     3 ||    57
         Potion            |     1 |       |       |     3 |    11 |     7 |     3 ||    25
   Stab: Paralysed         |       |       |       |       |     2 |       |       ||     2
         Invisible         |       |       |       |       |    16 |       |     7 ||    23
         Distracted        |       |       |       |       |       |     1 |     1 ||     2
         Sleeping          |       |       |       |       |       |     1 |       ||     1
         Petrified         |       |       |       |       |       |     5 |       ||     5
 Armour: Ring mail         |    19 |     4 |       |       |       |       |       ||    23
         Robe              |     1 |       |       |       |       |       |       ||     1
         Chain mail        |       |    13 |    61 |     4 |       |       |       ||    78
         Plate armour      |       |       |       |    50 |   298 |   220 |   109 ||   677
         Crystal plate arm |       |       |       |    88 |    88 |   123 |       ||   299
         Scale mail        |       |       |       |       |       |   227 |       ||   227
  Dodge: Dodged            |    44 |     8 |   159 |   253 |   778 |  1123 |   172 ||  2537
  Block: Orb               |     2 |     7 |    37 |       |       |       |       ||    46
         Reflection        |       |     1 |     3 |     3 |       |     8 |     5 ||    20
         Other             |       |       |    22 |    86 |    68 |   221 |    54 ||   451
         Form:             |     1 |       |       |       |       |       |       ||     1
         Beast             |     1 |       |       |       |       |       |       ||     1

Table legend: (Time is in decaauts)
 A = Elapsed time spent in this place.
 B = Non-inter-level travel time spent in this place.
 C = Inter-level travel time spent in this place.
 D = Time resting spent in this place.
 E = Time spent auto-exploring this place.
 F = Levels seen in this place.
 G = Mean time per level.
                   A        B        C        D        E       F      G
               +--------+--------+--------+--------+--------+-----+--------+
         Total |  58149 |  56174 |   1975 |  27559 |  18099 |  48 | 1211.4 |
       Dungeon |  20618 |  19549 |   1069 |   7460 |   8660 |  15 | 1374.5 |
        Temple |     68 |     35 |     33 |      0 |      0 |   1 |   68.0 |
          Lair |  10174 |   9738 |    436 |   4178 |   3923 |   5 | 2034.8 |
        Shoals |   7044 |   6928 |    116 |   3630 |   2107 |   4 | 1761.0 |
   Spider Nest |   8972 |   8873 |     99 |   5804 |   1791 |   4 | 2243.0 |
  Orcish Mines |   4437 |   4247 |    190 |   2328 |    973 |   2 | 2218.5 |
   Elven Halls |   2782 |   2753 |     29 |   1374 |    426 |   2 | 1391.0 |
         Abyss |    528 |    528 |      0 |    167 |      0 |   6 |   88.0 |
        Bailey |   2391 |   2391 |      0 |   2037 |    102 |   1 | 2391.0 |
       Volcano |    713 |    713 |      0 |    390 |     97 |   1 |  713.0 |
      Gauntlet |    275 |    275 |      0 |    103 |      0 |   1 |  275.0 |
         Arena |    142 |    142 |      0 |     84 |     18 |   6 |   23.7 |
               +--------+--------+--------+--------+--------+-----+--------+

Top non-repeatable levels by time:
    D:14: 4072 daAuts
  Lair:4: 3103 daAuts
Spider:1: 3034 daAuts
Shoals:4: 2934 daAuts
Spider:2: 2893 daAuts
   Orc:1: 2745 daAuts
  Lair:5: 2538 daAuts
  Bailey: 2391 daAuts
    D:11: 2150 daAuts
   Elf:1: 1980 daAuts
    D:13: 1971 daAuts
Shoals:2: 1833 daAuts
Spider:4: 1809 daAuts
  Lair:2: 1760 daAuts
   Orc:2: 1692 daAuts
